 Dungeon Crawl Stone Soup version 0.21.1-1-g345015f (webtiles) character file.

22009945 jazmu the Conqueror (level 27, 224/224 HPs)
             Began as a Demonspawn Gladiator on Feb 12, 2018.
             Was the Champion of Makhleb.
             Escaped with the Orb
             ... and 15 runes on Feb 14, 2018!
             The game lasted 04:38:01 (68908 turns).

jazmu the Conqueror (Demonspawn Gladiator)         Turns: 68908, Time: 04:38:02

Health: 224/224    AC: 50    Str: 35    XL:     27
Magic:  35/35      EV: 37    Int: 17    God:    Makhleb [******]
Gold:   11874      SH: 28    Dex: 18    Spells: 26/26 levels left

rFire    + + +     SeeInvis +   B - +9 broad axe (freeze)
rCold    + + +     Gourm    .   y - +5 shield "Xaadicw" {Regen+ SInv}
rNeg     + + .     Faith    .   V - +8 gold dragon scales
rPois    +         Spirit   .   (helmet unavailable)
rElec    +         Reflect  +   a - +1 cloak of Starlight {rElec rC+ EV+4 Stlth--}
rCorr    +         Harm     .   K - +2 pair of gloves {Str+3}
MR       ++...     Clarity  +   T - +2 pair of boots {run} Stlth ..........Rnd*Tele +
                                C - +4 amulet of reflection
HPRegen  6.87/turn              v - ring of Ziqy {rF+ rN+ Dex+2}
MPRegen  0.24/turn              S - ring "Buruuz" {rN+ EV+5 SInv Stlth+}

@: mighty, brilliant, agile, resistant, studying Staves, quick
A: horns 3, talons 1, molten scales 3, blurry vision 2, clarity, clumsy 2, frail
1, powered by death 3, screaming 1, spiny 3, strong 1, teleportitis 1,
augmentation 3, no potion heal 1, subdued magic 1, MP-powered wands
0: Orb of Zot
}: 15/15 runes: decaying, slimy, silver, golden, iron, obsidian, icy, bone,
abyssal, demonic, glowing, magical, fiery, dark, gossamer
a: Minor Destruction, Lesser Servant of Makhleb, Major Destruction, Greater
Servant of Makhleb, Renounce Religion


You escaped.
You worshipped Makhleb.
Makhleb was exalted by your worship.
You were not hungry.

You visited 18 branches of the dungeon, and saw 89 of its levels.
You visited Pandemonium 1 time, and saw 19 of its levels.
You visited the Abyss 2 times.
You also visited: Trove, Bailey, Ice Cave, Volcano and Wizlab.

You collected 12394 gold pieces.
You spent 520 gold pieces at shops.

Inventory:

Hand Weapons
 g - the +8 lance "Wyrmbane" {slay drac, rPois rF+ rC+ AC+3}
   (You found it on level 7 of Tartarus)

   It affects your AC (+3).
   It protects you from fire.
   It protects you from cold.
   It protects you from poison.
 s - the +6 sword of Cerebov {flame}
   (You took it off Cerebov in Pandemonium)

   It has been specially enchanted to burn those struck by it, causing extra
   injury to most foes and up to half again as much damage against particularly
   susceptible opponents.
   Big, fiery blades are also staple armaments of hydra-hunters.
 B - a +9 broad axe of freezing (weapon)
 Y - the +7 war axe of Ceucass {chop, Str+6 Dex+4}
   (You found it on level 5 of the Lair of Beasts)

   It inflicts extra damage upon your enemies.
   It affects your strength (+6).
   It affects your dexterity (+4).
Armour
 a - the +1 cloak of Starlight (worn) {rElec rC+ EV+4 Stlth--}
   (You found it in a wizard's laboratory)

   It affects your evasion (+4).
   It protects you from cold.
   It insulates you from electricity.
   It makes you much less stealthy.
 c - the +0 pair of boots "Jodiq" {+Fly rF- MR+++ Regen+}
   (You bought it in a shop on level 3 of the Elven Halls)

   It makes you vulnerable to fire.
   It affects your resistance to hostile enchantments.
   It lets you fly.
   It increases your rate of regeneration.
 y - the +5 shield "Xaadicw" (worn) {Regen+ SInv}
   (You found it in a treasure trove)

   It lets you see invisible.
   It increases your rate of regeneration.
 K - a +2 pair of gloves of strength (worn)
 R - the -1 pair of boots of Idealism {rN+ Str-4 Dex+4}
   (You found it in a treasure trove)

   It affects your strength (-4).
   It affects your dexterity (+4).
   It protects you from negative energy.
 T - a +2 pair of boots of running (worn)
 V - +8 gold dragon scales (worn)
Jewellery
 v - the ring of Ziqy (left hand) {rF+ rN+ Dex+2}
   (You took it off a crimson imp on level 12 of the Dungeon)

   [ring of protection from fire]

   It affects your dexterity (+2).
   It protects you from fire.
   It protects you from negative energy.
 C - a +4 amulet of reflection (around neck)
 E - the amulet "Oledub" {Harm *Drain +Inv rC+ Dex+4 Slay+3}
   (You found it on level 7 of Tartarus)

   [amulet of harm]

   It increases damage dealt and taken.
   It affects your dexterity (+4).
   It affects your accuracy and damage with ranged weapons and melee attacks
   (+3).
   It protects you from cold.
   It lets you turn invisible.
   It causes draining when unequipped.
 P - an uncursed ring of resist corrosion
 S - the ring "Buruuz" (right hand) {rN+ EV+5 SInv Stlth+}
   (You found it on level 5 of the Pits of Slime)

   [ring of evasion]

   It affects your evasion (+5).
   It protects you from negative energy.
   It lets you see invisible.
   It makes you more stealthy.
Wands
 h - a wand of polymorph (7)
 m - a wand of clouds (24)
 o - a wand of flame (143)
 t - a wand of iceblast (64)
 u - a wand of paralysis (29)
 G - a wand of acid (41)
 H - a wand of disintegration (7)
 O - a wand of digging (21)
Scrolls
 b - 6 scrolls of fear
 i - 27 scrolls of remove curse
 l - 4 scrolls of enchant weapon
 q - 21 scrolls of teleportation
 r - 2 scrolls of silence
 A - a scroll of fog
 L - 3 scrolls of brand weapon
 W - 3 scrolls of identify
 Z - 4 scrolls of magic mapping
Potions
 k - 7 potions of flight
 n - 2 potions of cancellation
 w - a potion of curing
 x - a potion of brilliance
Books
 N - the Compendium of Creative Heat
   (You found it in Pandemonium)

   Spells                             Type                      Level
   a - Throw Flame                    Conjuration/Fire             2
   b - Sticky Flame                   Conjuration/Fire             4
   c - Summon Ice Beast               Ice/Summoning                4
   d - Fireball                       Conjuration/Fire             5
   e - Summon Demon                   Summoning                    5
 Q - a book of Annihilations

   Spells                             Type                      Level
   a - Poison Arrow                   Conjuration/Poison           6
   b - Chain Lightning                Conjuration/Air              8
   c - Lehudib's Crystal Spear        Conjuration/Earth            8
   d - Glaciate                       Conjuration/Ice              9
   e - Fire Storm                     Conjuration/Fire             9
 U - a manual of Staves
 X - a Young Poisoner's Handbook

   Spells                             Type                      Level
   a - Sting                          Conjuration/Poison           1
   b - Poisonous Vapours              Poison/Air                   2
   c - Mephitic Cloud                 Conjuration/Poison/Air       3
   d - Olgreb's Toxic Radiance        Poison                       4
   e - Venom Bolt                     Conjuration/Poison           5
Miscellaneous
 d - the horn of Geryon
 M - 6 phantom mirrors
Comestibles
 f - 70 rations


   Skills:
 O Level 27 Fighting
 O Level 27 Axes
 - Level 1.7 Throwing
 O Level 27 Armour
 + Level 21.9 Dodging
 + Level 23.5 Shields
 - Level 16.6 Invocations


You had 26 spell levels left.
You didn't know any spells.

Dungeon Overview and Level Annotations

Branches:
Dungeon (15/15)            Temple (1/1) D:5            Lair (6/6) D:8
  Swamp (4/4) Lair:3       Spider (4/4) Lair:4        Slime (5/5) Lair:6
    Orc (2/2) D:12            Elf (3/3) Orc:2        Vaults (5/5) D:13
  Crypt (3/3) Vaults:3       Tomb (3/3) Crypt:3      Depths (5/5) D:15
   Hell (1/1)                 Dis (7/7) Hell            Geh (7/7) Hell
    Coc (7/7) Hell            Tar (7/7) Hell            Zot (5/5) Depths:5

Altars:
Ashenzari
Cheibriados
Dithmenos
Elyvilon
Fedhas
Gozag
Hepliaklqana
Kikubaaqudgha
Makhleb
Nemelex Xobeh
Okawaru
Qazlal
Ru
Sif Muna
Trog
Uskayaw
Vehumet
Wu Jian
Xom
Yredelemnul
Zin
The Shining One
Jiyva

Shops:
D:11 ?   Orc:2 [:}%   Elf:1 (   Elf:3 ([   Vaults:1 [   Vaults:3 :

Portals:
Hell: Depths:1 Depths:2 Depths:3 Depths:4 Depths:5
Abyss: Depths:2 Depths:3 Depths:4
Pandemonium: Depths:1 Depths:2 Depths:3
Ziggurat: Depths:1

Annotations:
Elf:2 3 runed doors
Zot:5 exclusion: obsidian statue


Innate Abilities, Weirdness & Mutations

You have a pair of large horns on your head.
You are completely covered in molten scales. (AC +4, rF+)
You regenerate a lot of health from kills.
You are completely covered in sharp spines.
Your magical and physical power is greatly enhanced at high health.
You have sharp toenails.
Scrolls take you longer to read.
You possess an exceptional clarity of mind.
You are very clumsy. (Dex -4)
You are frail. (-10% HP)
You occasionally shout uncontrollably at your foes.
Your muscles are strong. (Str +2)
You are occasionally teleported next to monsters.
Potions are less effective at restoring your health.
Your spells are a little easier to cast, but a little less powerful.
You expend magic power (3 MP) to strengthen your wands.


Message History

You resist with almost no effort. You block the sun demon's attack.
You block the balrug's attack.
You slice the sun demon!! You freeze the sun demon!
You kill the sun demon!
Makhleb accepts your kill.
You slice the balrug!! You freeze the balrug! The golden eye blinks at you.
You resist with some effort. The balrug is struck by your spines.
You kill the balrug!
Makhleb accepts your kill.
You completely miss the golden eye. Your headbutt misses the golden eye.
The golden eye blinks at you.
You feel momentarily confused.
A gelid demonspawn comes into view. It is wielding a dire flail.
Unknown command.
You cut the golden eye into ribbons!!! You freeze the golden eye.
You kill the golden eye!
Makhleb accepts your kill.
There is a staircase leading out of the dungeon here.
You have escaped!

#....# #'# #........####
#....####.####....###....#
####.#.'...'.#....# #.....
#.####.####.#..#######.
####.#.'...'÷#.##..## ##
##....####.####.###..# ##
##.....#.'...'.#.# ##.# ###.
#......####.####.# #.###...
#.......6'.@.'.#.# #.....#.
#....X.####.####.# #######.
#......#.'.).'.#.# ##### ##.
#......####.####.###...###..
##.....#.'...'.#.##.........
##....##.#.####.#.......##.
####.#.'...'.#..........#.
#.####.####.........÷.. #.#
#'.###.#......#...


You could see an Orb Guardian and a gelid demonspawn.

Vanquished Creatures
  Cerebov (Pan)
  Asmodeus (Geh:7)
  Ereshkigal (Tar:7)
  Dissolution (Slime:2)
  the Royal Jelly (Slime:5)
  Gloorx Vloq (Pan)
  the Serpent of Hell (Geh:7)
  Lom Lobon (Pan)
  A seraph (Pan)
  Mnoleg (Pan)
  Khufu (Tomb:3)
  Dispater (Dis:7)
  5 orbs of fire (Zot:5)
  5 ancient liches
  Mennas (Depths:3)
  A juggernaut (Depths:2)
  6 pandemonium lords
  22 greater mummies
  4 shard shrikes
  Margery (Depths:5)
  Bai Suzhen (Spider:3)
  3 caustic shrikes
  3 Killer Klowns (Zot:5)
  The ghost of Nr616 the Slayer, an adept MiBe of Trog (Vaults:5)
  7 golden dragons
  Geryon (Hell)
  Jory (Tomb:3)
  Arachne (Spider:3)
  Nikola (Spider:1)
  A profane servitor (Abyss:3)
  3 doom hounds
  7 bone dragons
  18 Tzitzimimeh
  14 Brimstone Fiends
  Jorgrun (Spider:3)
  3 electric golems
  6 Hell Sentinels (Dis:7)
  14 tentacled monstrosities
  4 iron giants (Dis:7)
  16 Ice Fiends
  15 titans
  21 Orb Guardians (Zot:5)
  15 liches
  4 quicksilver dragons
  A deep elf blademaster (Elf:3)
  16 acid blobs
  21 Executioners
  2 tentacled starspawn (Abyss:2)
  9 sphinxes
  A death cob (Zot:3)
  8 ancient champions
  13 storm dragons
  Roxanne (Spider:1)
  3 daevas (Pan)
  A thorn hunter (Swamp:3)
  10 tengu reavers
  14 shadow dragons
  7 revenants
  Kirke (D:12)
  Donald (Spider:1)
  6 azure jellies
  3 draconian monks
  4 blood saints (Pan)
  10 vault wardens
  2 draconian knights
  12 iron dragons
  An orc warlord (Vaults:2)
  10 ghost moths
  13 deep elf sorcerers
  3 draconian scorchers
  13 frost giants
  8 fire giants
  A draconian shifter (Zot:5)
  8 emperor scorpions
  5 draconian stormcallers
  A warmonger (Pan)
  A spriggan defender (Depths:4)
  35 balrugs
  5 angels (Pan)
  9 cacodemons
  20 ironheart preservers
  3 curse skulls
  6 deep elf elementalists
  A juggernaut zombie (Hell)
  4 black suns (Pan)
  3 draconian annihilators (Pan)
  12 very ugly things
  8 ophanim (Pan)
  24 war gargoyles
  5 ghouls
  2 caustic shrike skeletons
  3 apis (Pan)
  6 vampire knights
  56 reapers
  21 stone giants
  5 deep elf demonologists
  4 green draconians
  11 bennus
  5 entropy weavers
  4 corrupters (Pan)
  5 lorocyprocas
  5 black draconians
  10 red draconians
  3 purple draconians
  5 yellow draconians
  A dire elephant (Lair:6)
  11 deep elf annihilators
  16 ettins
  3 white draconians
  Snorg (Lair:5)
  11 spark wasps
  A merfolk javelineer (Depths:2)
  13 green deaths (Pan)
  A merfolk impaler (Depths:1)
  10 deep elf death magi
  4 eidola
  22 blizzard demons
  6 crystal guardians
  4 death oozes (Slime:5)
  10 jiangshi
  20 mummy priests
  2 deep elf high priests (Elf:3)
  2 kraken zombies
  Erolcha (D:9)
  8 great orbs of eyes
  11 fire dragons
  Josephine (D:12)
  12 ogre magi
  2 quicksilver dragon zombies
  24 ice dragons
  5 hell beasts
  8 rakshasas
  30 vault guards
  16 yaktaur captains
  5 monstrous demonspawn (Pan)
  5 spriggan air magi
  8 alligators
  22 hydras
  A merfolk avatar (Lair:6)
  2 quicksilver dragon skeletons
  4 ghost crabs
  16 centaur warriors
  7 deep troll shamans
  2 death knights
  29 two-headed ogres
  22 death scarabs
  25 dancing weapons
  6 tengu warriors
  A queen ant (Lair:2)
  12 deep troll earth magi
  7 vampire magi
  13 hell hogs
  Urug (D:11)
  5 orc high priests
  3 death yaks (IceCv)
  5 titan zombies
  49 sun demons
  64 soul eaters
  34 hell knights
  8 iron golems
  Nergalle (Lair:2)
  22 deep elf knights
  3 spriggan berserkers
  27 shadow wraiths
  2 titan skeletons
  5 storm dragon zombies
  2 wretched stars
  10 cherubim (Pan)
  12 sixfirhies
  5 golden dragon zombies
  82 skeletal warriors
  14 iron trolls
  21 large abominations
  2 spark wasp zombies (Hell)
  3 ghost moth zombies
  17 shadow demons
  7 torturous demonspawn (Pan)
  8 unseen horrors
  7 anaconda zombies
  8 wizards
  38 deep trolls
  A deep troll (shapeshifter) (Vaults:3)
  12 flayed ghosts
  4 shambling mangroves
  4 gelid demonspawn (Pan)
  10 swamp dragons
  7 glowing orange brains
  3 shadow dragon zombies
  3 sea snakes (shapeshifter)
  3 spriggan druids (Swamp:4)
  11 phantasmal warriors
  15 deep elf archers
  4 infernal demonspawn (Pan)
  4 lindwurms (Lair:6)
  An orb spider (shapeshifter) (Depths:1)
  8 ironbrand convokers
  2 wolf spider zombies
  20 necromancers
  3 golden dragon skeletons
  2 shadow dragon skeletons
  18 orb spiders
  2 anaconda skeletons
  A harpy (Vaults:5)
  21 orc knights
  5 frost giant zombies
  A mana viper (shapeshifter) (Depths:3)
  A shining eye (shapeshifter) (D:15)
  7 stone giant zombies
  49 ugly things
  8 cyclopes
  A moth of wrath (shapeshifter) (Vaults:1)
  61 deep elf magi
  5 fire giant zombies
  12 orc sorcerers
  2 draconians (Abyss:3)
  An oklob plant (Lair:1)
  32 wolf spiders
  2 shining eyes
  2 worldbinders (Abyss:2)
  16 moths of wrath
  5 manticores
  A manticore (shapeshifter) (Vaults:5)
  4 frost giant skeletons
  A black mamba (shapeshifter) (Abyss:2)
  2 guardian serpents (shapeshifter)
  2 dire elephant zombies
  17 vault sentinels
  An iron dragon skeleton (Dis:2)
  4 stone giant skeletons
  14 elephants
  A water nymph (shapeshifter) (Vaults:1)
  4 black mambas
  9 storm dragon simulacra
  6 fire giant skeletons
  2 naga magi (Depths:1)
  19 rust devils
  27 smoke demons
  An elephant (shapeshifter) (Vaults:5)
  2 eyes of devastation
  19 spiny frogs
  13 orange demons
  7 molten gargoyles
  5 titan simulacra (Coc:7)
  5 gargoyles (WizLab)
  A white draconian zombie (Crypt:1)
  2 centaur skeletons
  47 yaktaurs
  11 hellions
  2 kobold demonologists
  4 dire elephant skeletons
  3 torpor snails
  A rime drake (shapeshifter) (Vaults:3)
  6 rime drakes
  7 efreet
  30 tormentors
  5 anaconda simulacra (Coc:7)
  17 demonic crawlers
  24 freezing wraiths
  23 ice devils
  A catoblepas skeleton (Tar:4)
  7 komodo dragons
  2 tengu conjurers
  A red draconian skeleton (Crypt:1)
  2 queen bees
  42 guardian mummies
  46 red devils
  22 hellwings (Pan)
  3 meliai (Spider:1)
  38 jumping spiders
  An ancient zyme (Abyss:2)
  A troll (shapeshifter) (Depths:2)
  7 trolls
  3 silent spectres
  A hornet (shapeshifter) (D:15)
  A meliai (shapeshifter) (Depths:4)
  2 queen bees (shapeshifter)
  7 hydra zombies
  17 wind drakes
  A wind drake (shapeshifter) (Depths:2)
  17 polar bears
  7 tyrant leeches
  2 harpy skeletons
  17 hornets
  7 alligator zombies
  24 bog bodies
  A deep troll zombie (Hell)
  A spriggan zombie (Hell)
  5 harpy zombies
  86 slime creatures
  5 blink frogs (Lair:2)
  A stone giant simulacrum (Depths:1)
  6 ettin zombies
  10 hydra skeletons
  14 hippogriffs
  3 fire dragon zombies
  4 ice dragon zombies
  10 dream sheep
  5 ettin skeletons
  6 starcursed masses
  3 air elementals (Depths:5)
  98 redbacks
  6 spriggans
  2 fire giant simulacra
  114 flying skulls
  A spriggan (shapeshifter) (Vaults:2)
  2 black mamba zombies (Dis:3)
  3 fire dragon skeletons
  21 shadows
  26 tarantellas
  3 vampires
  12 ynoxinuls
  21 ushabtiu
  An ice dragon skeleton (Geh:7)
  8 fire elementals
  2 hogs (D:12)
  5 alligator skeletons
  9 chaos spawn (Pan)
  16 golden eyes
  13 water elementals
  7 wyverns
  2 steam dragons
  20 wraiths
  A golden eye (shapeshifter) (Vaults:4)
  17 humans (D:13)
  The ghost of Lapis the Digger, an amateur NaEE (D:4)
  12 neqoxecs
  3 hungry ghosts
  3 basilisks (Lair:1)
  84 yaks
  6 vampire mosquitoes (Swamp:3)
  Edmund (D:5)
  13 wargs
  17 swamp worms
  5 hydra simulacra (Coc:7)
  12 insubstantial wisps
  3 acid dragons
  A soldier ant (shapeshifter) (Vaults:4)
  5 soldier ants (Lair:2)
  6 spiny frog zombies
  11 water moccasins
  2 floating eyes (shapeshifter)
  5 porcupines
  A two-headed ogre skeleton (Crypt:1)
  32 hell hounds
  11 swamp drakes
  51 orc warriors
  3 sky beasts
  7 ice beasts
  A black bear (shapeshifter) (D:15)
  A torturous demonspawn skeleton (Crypt:2)
  2 eyes of draining
  4 swamp dragon zombies
  8 boggarts
  3 spiny frog skeletons
  3 black bears
  26 necrophages
  7 phantoms
  40 ogres
  3 snapping turtle skeletons
  22 wolves
  An ogre (shapeshifter) (Vaults:4)
  23 centaurs
  4 snapping turtle zombies
  16 crocodiles
  2 swamp dragon skeletons
  2 manticore skeletons
  2 big kobolds
  A yaktaur zombie (Hell)
  20 bullfrogs
  2 spiny frog simulacra (Hell)
  8 earth elementals
  4 small abominations
  An elf skeleton (Tomb:3)
  4 scorpions
  A water moccasin skeleton (D:8)
  A wyvern skeleton (D:13)
  45 killer bees
  A yak zombie (Crypt:2)
  70 wights
  A spriggan skeleton (Geh:6)
  A polar bear skeleton (Crypt:1)
  A howler monkey (D:6)
  18 crimson imps
  5 centaur zombies
  A lava snake (Volcano)
  A human zombie (Crypt:1)
  6 jellies
  A bullfrog zombie (D:12)
  10 hounds
  35 orc priests
  A gnoll shaman (Orc:1)
  29 orc wizards
  A bullfrog skeleton (D:4)
  A human skeleton (Tar:4)
  23 iron imps
  5 iguanas
  21 worker ants
  A tengu zombie (Geh:2)
  2 centaur simulacra
  A deep dwarf skeleton (Crypt:2)
  35 mummies
  A worker ant zombie (D:10)
  A howler monkey skeleton (D:4)
  33 gnolls
  15 adders
  16 shadow imps
  13 white imps
  An ufetubus (Abyss:2)
  An ooze (D:6)
  An adder zombie (Crypt:2)
  An adder skeleton (D:4)
  4 worms
  8 ball lightnings (Pan)
  2 dart slugs (D:1)
  8 leopard geckos
  135 orcs
  6 bats
  8 giant cockroaches
  57 goblins
  33 hobgoblins
  10 jackals
  2 quokkas
  A ball python (D:1)
  7 frilled lizards
  A jackal skeleton (D:2)
  18 kobolds
  A kobold zombie (Dis:2)
  A leopard gecko skeleton (Crypt:1)
  An orc skeleton (Crypt:1)
  3 quokka skeletons
  20 rats
  A rat zombie (D:7)
  7 briar patches (Swamp:3)
  A butterfly (Lair:5)
  2 crawling corpses (Depths:5)
  4 fungi
  7 plants
  3 tentacles (Coc:7)
  3 toadstools (Swamp:3)
4443 creatures vanquished.

Vanquished Creatures (collateral kills)
  Antaeus (Coc:7)
  A greater mummy (Tomb:3)
  3 Orb Guardians (Zot:5)
  Asterion (Vaults:1)
  An acid blob (Slime:5)
  2 thorn hunters (Swamp:3)
  An eldritch tentacle (Pan)
  A shadow dragon (Zot:5)
  A revenant (Tomb:3)
  A fire giant (D:12)
  A deep elf sorcerer (Vaults:1)
  An orc warlord (Bailey)
  3 vault wardens
  Louise (Swamp:3)
  2 cacodemons (Pan)
  An angel (Pan)
  An ironheart preserver (Vaults:1)
  2 yellow draconians (Zot:5)
  A red draconian (Zot:5)
  A white draconian (Zot:5)
  4 hydras
  An ice dragon (Coc:7)
  2 vault guards (D:13)
  A deep elf knight (Vaults:1)
  A cherub (Pan)
  A hell knight (Volcano)
  A wizard (D:13)
  A deep elf archer (Vaults:1)
  A necromancer (D:13)
  An ironbrand convoker (Vaults:1)
  A phantasmal warrior (Tar:7)
  An orb spider (shapeshifter) (D:12)
  An orc knight (Bailey)
  A vault sentinel (Vaults:2)
  A molten gargoyle (Volcano)
  2 gargoyles (WizLab)
  2 hellions (Geh:7)
  2 orange demons
  2 yaktaurs
  A freezing wraith (Vaults:2)
  A guardian mummy (Tomb:3)
  2 large abominations (Pan)
  A polar bear (Pan)
  A bog body (Swamp:3)
  4 slime creatures
  2 flying skulls (Tomb:3)
  2 fire bats (Volcano)
  2 humans (D:13)
  An ushabti (Tomb:3)
  A golden eye (Pan)
  A wraith (Geh:7)
  A chaos spawn (Zot:5)
  2 swamp worms (Swamp:3)
  An infernal demonspawn zombie (Geh:7)
  2 floating eyes (Pan)
  6 orc warriors
  A snapping turtle zombie (Geh:7)
  A centaur (Volcano)
  An eye of draining (Pan)
  2 lava snakes (Volcano)
  5 gnolls (Bailey)
  2 orcs (Bailey)
  4 goblins (Bailey)
  3 hobgoblins (Bailey)
  A quokka (D:12)
  4 briar patches (Swamp:3)
  A fire vortex (Pan)
  A toadstool (Swamp:3)
111 creatures vanquished.

Vanquished Creatures (others)
  An eldritch tentacle (Dis:7)
  3 deep elf master archers (Elf:3)
  3 stone giants
  A bennu (Tomb:2)
  A green death (Pan)
  3 yaktaur captains
  2 centaur warriors
  4 death scarabs (Tomb:2)
  A deep elf knight (Vaults:3)
  A skeletal warrior (Dis:3)
  A deep troll (Depths:5)
  A deep elf archer (Vaults:3)
  An orb spider (Spider:1)
  A rust devil (Pan)
  4 yaktaurs
  A tengu conjurer (Depths:1)
  A demonic crawler (Spider:2)
  A guardian mummy (Tomb:2)
  A jumping spider (Spider:1)
  A fire dragon zombie (Geh:7)
  6 flying skulls
  A wraith (Dis:3)
  A water elemental (Coc:7)
  2 ushabtiu (Tomb:2)
  2 chaos spawn (Pan)
  A human (D:12)
  An ogre (shapeshifter) (Depths:3)
  A wolf (IceCv)
  A killer bee (Spider:1)
  An iron imp (Dis:7)
  2 mummies (Tomb:2)
  16 ball lightnings (Pan)
  An orc (Vaults:2)
  2 demonic plants (Pan)
  6 fungi
  5 plants
  11 starspawn tentacles (Abyss:2)
  7 tentacles
  7 toadstools (Swamp:3)
107 creatures vanquished.

Grand Total: 4661 creatures vanquished

Notes
Turn   | Place    | Note
-------+----------+-------------------------------------------
     0 | D:1      | jazmu the Demonspawn Gladiator began the quest for the Orb.
     0 | D:1      | Reached XP level 1. HP: 16/16 MP: 1/1
   121 | D:1      | Gained mutation: You are partially covered in sharp spines. [demonic ancestry]
   121 | D:1      | Reached XP level 2. HP: 23/23 MP: 2/2
   221 | D:1      | Gained mutation: You regenerate a little health from kills. [demonic ancestry]
   221 | D:1      | Reached XP level 3. HP: 12/28 MP: 3/3
   996 | D:2      | Gained mutation: You are mostly covered in sharp spines. [demonic ancestry]
   996 | D:2      | Reached XP level 4. HP: 35/35 MP: 4/4
  1083 | D:2      | Gained mutation: You are partially covered in molten scales. (AC +2) [demonic ancestry]
  1083 | D:2      | Reached XP level 5. HP: 29/42 MP: 5/5
  1312 | D:2      | Found a sparkling altar of Nemelex Xobeh.
  2141 | D:3      | Noticed an ogre
  2449 | D:3      | Gained mutation: You are mostly covered in molten scales. (AC +3) [demonic ancestry]
  2449 | D:3      | Reached XP level 6. HP: 47/49 MP: 6/6
  2459 | D:5      | Entered Level 5 of the Dungeon
  2459 | D:5      | Found a shattered altar of Ashenzari.
  2618 | D:4      | Reached skill level 5 in Axes
  2653 | D:4      | Reached skill level 5 in Fighting
  2848 | D:4      | Found a shimmering altar of Xom.
  2952 | D:4      | Noticed Lapis's ghost (amateur NaEE)
  2973 | D:4      | Killed Lapis's ghost
  2973 | D:4      | Reached XP level 7. HP: 22/57 MP: 7/7
  3297 | D:4      | Found a basalt altar of Yredelemnul.
  3391 | D:4      | Found a blossoming altar of Fedhas.
  3449 | D:4      | Found a burning altar of Makhleb.
  3552 | D:4      | Became a worshipper of Makhleb the Destroyer
  3747 | D:5      | Found a staircase to the Ecumenical Temple.
  3874 | D:5      | Reached * piety under Makhleb
  4032 | D:5      | Reached skill level 1 in Invocations
  4164 | D:5      | Reached skill level 1 in Armour
  4185 | D:5      | Gained mutation: You have a pair of small horns on your head. [demonic ancestry]
  4185 | D:5      | Reached XP level 8. HP: 50/65 MP: 9/9
  4218 | D:5      | Reached ** piety under Makhleb
  4522 | D:5      | Found a bloodstained altar of Trog.
  4590 | D:5      | Noticed Edmund
  4602 | D:5      | Killed Edmund
  5089 | D:6      | Reached skill level 5 in Invocations
  5166 | D:6      | Found a snail-covered altar of Cheibriados.
  5651 | D:7      | Reached *** piety under Makhleb
  5687 | D:7      | Found a flagged portal.
  5712 | Bailey   | Entered a bailey
  5820 | Bailey   | Gained mutation: You regenerate health from kills. [demonic ancestry]
  5820 | Bailey   | Reached XP level 9. HP: 41/71 MP: 14/14
  5874 | Bailey   | Reached skill level 5 in Armour
  5944 | Bailey   | Reached **** piety under Makhleb
  6014 | Bailey   | Noticed an orc warlord
  6014 | Bailey   | Noticed an orc knight
  6014 | Bailey   | Noticed an orc knight
  6090 | Bailey   | Killed an orc warlord
  6191 | Bailey   | Killed an orc knight
  6191 | Bailey   | Reached skill level 10 in Invocations
  6211 | Bailey   | Killed an orc knight
  6211 | Bailey   | Reached XP level 10. HP: 20/77 MP: 17/17
  6816 | D:7      | Got a transparent falchion {venom}
  6824 | D:7      | Identified the +5 falchion of Strategic Superiority {venom, MR+ Int+3} (You took it off a gnoll on level 7 of the Dungeon)
  6945 | D:7      | Found an ancient bone altar of Kikubaaqudgha.
  6999 | D:7      | Found a hazy altar of Hepliaklqana.
  7008 | D:7      | Found a stormy altar of Qazlal.
  7409 | D:7      | Noticed a moth of wrath
  7412 | D:7      | Found a bloodstained altar of Trog.
  7850 | D:8      | Found a white marble altar of Elyvilon.
  7893 | D:8      | Found a staircase to the Lair.
  8175 | D:9      | Noticed a two-headed ogre
  8183 | D:9      | Killed a two-headed ogre
  8321 | D:9      | Found a hide-covered altar of Uskayaw.
  8321 | D:9      | Noticed Erolcha
  8332 | D:9      | Killed Erolcha
  8332 | D:9      | Gained mutation: You regenerate a lot of health from kills. [demonic ancestry]
  8332 | D:9      | Reached XP level 11. HP: 77/83 MP: 20/20
  8448 | D:9      | Found a deep blue altar of Sif Muna.
  8475 | D:9      | Reached ***** piety under Makhleb
  8697 | D:9      | Noticed a two-headed ogre
  8722 | D:9      | Killed a two-headed ogre
  8833 | D:10     | Entered Level 10 of the Dungeon
  8916 | D:10     | Killed an unseen horror
  8916 | D:10     | Reached skill level 10 in Armour
  9447 | D:10     | Noticed a two-headed ogre
  9455 | D:10     | Killed a two-headed ogre
  9538 | D:11     | Identified 2 scrolls of acquirement
  9548 | D:11     | Got a smoking hat
  9559 | D:11     | Identified the +1 hat "Ahuman" {rPois Regen+ rCorr Int+5} (You acquired it on level 11 of the Dungeon)
  9645 | D:11     | Noticed a two-headed ogre
  9654 | D:11     | Found Isacla Sulle's Magic Scroll Emporium.
  9667 | D:11     | Killed a two-headed ogre
  9711 | D:11     | Got a bloodstained mace
  9721 | D:11     | Identified the cursed +0 mace of Circularity {crush, rC+ Str+2} (You found it on level 11 of the Dungeon)
  9742 | D:11     | Reached skill level 15 in Invocations
  9795 | D:11     | Noticed Urug
  9818 | D:11     | Killed Urug
 10056 | D:11     | Noticed a brown ugly thing
 10060 | D:11     | Killed a brown ugly thing
 10060 | D:11     | Gained mutation: You are completely covered in molten scales. (AC +4, rF+) [demonic ancestry]
 10060 | D:11     | Reached XP level 12. HP: 89/89 MP: 23/23
 10194 | D:12     | Noticed a two-headed ogre
 10202 | D:12     | Killed a two-headed ogre
 10240 | D:12     | Noticed an eight-headed hydra
 10334 | D:12     | Noticed a fire giant
 10422 | Lair:1   | Entered Level 1 of the Lair of Beasts
 10484 | Lair:1   | Gained mutation: You are frail. (-10% HP) [potion of mutation]
 10484 | Lair:1   | Gained mutation: You tend to lose your temper in combat. [potion of mutation]
 10484 | Lair:1   | Gained mutation: You have large cloven feet. [potion of mutation]
 10485 | Lair:1   | Lost mutation: You tend to lose your temper in combat. [potion of mutation]
 10485 | Lair:1   | Lost mutation: You are frail. (-10% HP) [potion of mutation]
 10485 | Lair:1   | Lost mutation: You have large cloven feet. [potion of mutation]
 10485 | Lair:1   | Gained mutation: Armour fits poorly on your strangely shaped body. [potion of mutation]
 10485 | Lair:1   | Gained mutation: You are resistant to hostile enchantments. (MR+) [potion of mutation]
 10485 | Lair:1   | Gained mutation: You have a pair of horns on your head. [potion of mutation]
 10485 | Lair:1   | Gained mutation: You evolve. [potion of mutation]
 10486 | Lair:1   | Lost mutation: You have a pair of horns on your head. [potion of mutation]
 10486 | Lair:1   | Lost mutation: You are resistant to hostile enchantments. (MR+) [potion of mutation]
 10486 | Lair:1   | Gained mutation: Your body sometimes deteriorates upon taking damage. [potion of mutation]
 10486 | Lair:1   | Gained mutation: Your flesh is cold resistant. (rC+) [potion of mutation]
 10486 | Lair:1   | Gained mutation: You are dopey. (Int -2) [potion of mutation]
 10486 | Lair:1   | Lost mutation: You are dopey. (Int -2) [potion of mutation]
 10487 | Lair:1   | Lost mutation: Your flesh is cold resistant. (rC+) [potion of mutation]
 10487 | Lair:1   | Lost mutation: Your body sometimes deteriorates upon taking damage. [potion of mutation]
 10487 | Lair:1   | Gained mutation: Your muscles are strong. (Str +2) [potion of mutation]
 10487 | Lair:1   | Gained mutation: You possess an exceptional clarity of mind. [potion of mutation]
 10487 | Lair:1   | Gained mutation: You have sharp toenails. [potion of mutation]
 10652 | Lair:1   | Got a bone trident
 11143 | Lair:1   | Identified the +4 trident "Gyvvuw" {elec, +Fly} (You found it on level 1 of the Lair of Beasts)
 11199 | Lair:2   | Reached skill level 1 in Shields
 11321 | Lair:2   | Noticed a four-headed hydra
 11328 | Lair:2   | Killed a seven-headed hydra
 11440 | Lair:2   | Found a dark tunnel.
 11452 | Volcano  | Entered a volcano
 11664 | Volcano  | Found a burning altar of Makhleb.
 11664 | Volcano  | Noticed a centaur warrior
 11672 | Volcano  | Killed a centaur warrior
 11795 | Volcano  | Lost mutation: You evolve. [potion of mutation]
 11795 | Volcano  | Lost mutation: Armour fits poorly on your strangely shaped body. [potion of mutation]
 11795 | Volcano  | Lost mutation: You possess an exceptional clarity of mind. [potion of mutation]
 11795 | Volcano  | Lost mutation: Your muscles are strong. (Str +2) [potion of mutation]
 11795 | Volcano  | Gained mutation: You have a pair of horns on your head. [potion of mutation]
 11795 | Volcano  | Gained mutation: You have a pair of large horns on your head. [potion of mutation]
 11795 | Volcano  | Gained mutation: You possess an exceptional clarity of mind. [potion of mutation]
 11912 | Lair:2   | Noticed Nergalle
 11918 | Lair:2   | Killed Nergalle
 11989 | Lair:2   | Noticed a queen ant
 11996 | Lair:2   | Killed a queen ant
 11996 | Lair:2   | Mutation became permanent: You have a pair of horns on your head. [demonic ancestry]
 11996 | Lair:2   | Gained mutation: You have a pair of large horns on your head. [demonic ancestry]
 11996 | Lair:2   | Reached XP level 13. HP: 65/99 MP: 25/25
 12520 | Lair:3   | Found a staircase to the Swamp.
 12850 | Lair:3   | Reached ****** piety under Makhleb
 13027 | Lair:3   | Reached skill level 10 in Fighting
 13489 | Lair:4   | Found a hole to the Spider Nest.
 14180 | Lair:5   | Reached skill level 10 in Axes
 14269 | Lair:5   | Found a deep blue altar of Sif Muna.
 14294 | Lair:5   | Got a smoking war axe
 14295 | Lair:5   | Identified the +7 war axe of Ceucass {chop, Str+6 Dex+4} (You found it on level 5 of the Lair of Beasts)
 14402 | Lair:5   | Noticed Snorg
 14412 | Lair:5   | Killed Snorg
 14530 | Lair:5   | Mutation became permanent: You have a pair of horns on your head. [demonic ancestry]
 14530 | Lair:5   | Gained mutation: You have a pair of large horns on your head. [demonic ancestry]
 14530 | Lair:5   | Reached XP level 14. HP: 113/113 MP: 26/26
 15092 | Lair:6   | Entered Level 6 of the Lair of Beasts
 15315 | Lair:6   | Found a staircase to the Slime Pits.
 15315 | Lair:6   | Found a viscous altar of Jiyva.
 15692 | Lair:6   | HP: 5/114 [drowned by a drowned soul[a merfolk avatar] (15)]
 16063 | Lair:6   | Identified the Papyrus of the Toxic Snowflakes
 16696 | D:12     | Noticed Josephine
 16699 | D:12     | Noticed Kirke
 16702 | D:12     | Killed Josephine
 17038 | D:12     | Killed Kirke
 17119 | D:12     | Killed a fire giant
 17178 | D:12     | Paralysed by a crimson imp for 6 turns
 17235 | D:12     | Got a flickering silver ring
 17240 | D:12     | Identified the ring of Ziqy {rF+ rN+ Dex+2} (You took it off a crimson imp on level 12 of the Dungeon)
 17331 | D:12     | Reached XP level 15. HP: 122/122 MP: 27/27
 17557 | D:12     | Found a staircase to the Orcish Mines.
 17860 | D:13     | Found a frozen archway.
 17883 | IceCv    | Entered an ice cave
 18156 | IceCv    | Noticed a frost giant
 18189 | IceCv    | Killed a frost giant
 18596 | D:13     | Found a gate to the Vaults.
 18891 | Orc:1    | Entered Level 1 of the Orcish Mines
 19069 | Orc:2    | Entered Level 2 of the Orcish Mines
 19128 | Orc:2    | Found a staircase to the Elven Halls.
 19472 | Orc:2    | Found Ezewkuan's Food Boutique.
 19484 | Orc:2    | Reached skill level 5 in Shields
 19509 | Orc:2    | Found Gupos's Book Emporium.
 19582 | Orc:2    | Found Qicousis's Armour Emporium.
 19584 | Orc:2    | Found Siffyo's Gadget Boutique.
 20229 | Swamp:1  | Entered Level 1 of the Swamp
 20505 | Swamp:1  | Gained mutation: You are completely covered in sharp spines. [demonic ancestry]
 20505 | Swamp:1  | Reached XP level 16. HP: 131/131 MP: 28/28
 20548 | Swamp:1  | Found a stormy altar of Qazlal.
 21694 | Swamp:3  | Reached skill level 10 in Shields
 21818 | Swamp:3  | Noticed a thorn hunter
 21826 | Swamp:3  | Killed a thorn hunter
 21908 | Swamp:3  | Noticed a thorn hunter
 21920 | Swamp:3  | Killed a thorn hunter
 21970 | Swamp:3  | Noticed a thorn hunter
 21975 | Swamp:3  | Killed a thorn hunter
 22012 | Swamp:3  | Noticed Louise
 22159 | Swamp:3  | Killed Louise
 22496 | Swamp:4  | Entered Level 4 of the Swamp
 23551 | Swamp:4  | Got a decaying rune of Zot
 23945 | Vaults:1 | Entered Level 1 of the Vaults
 24126 | D:13     | Gained mutation: Your magical and physical power is slightly enhanced at high health. [demonic ancestry]
 24126 | D:13     | Reached XP level 17. HP: 130/137 MP: 23/29
 24418 | D:14     | Reached skill level 5 in Dodging
 24490 | D:14     | Found an iron altar of Okawaru.
 25096 | D:15     | Entered Level 15 of the Dungeon
 25623 | D:15     | Found a staircase to the Depths.
 26036 | Vaults:1 | Paralysed by a wizard for 5 turns
 26220 | Vaults:1 | Noticed Asterion
 26235 | Vaults:1 | Killed Asterion
 26626 | Vaults:1 | Found Aluon's Armour Emporium.
 26866 | Vaults:1 | Cast into level 2 of the Abyss (a deep elf sorcerer)
 26866 | Abyss:2  | Found a corrupted altar of Lugonu.
 26988 | Abyss:2  | Found a radiant altar of Vehumet.
 27135 | Abyss:2  | Reached XP level 18. HP: 143/143 MP: 30/30
 27294 | Abyss:2  | Found a corrupted altar of Lugonu.
 27315 | Vaults:1 | Escaped the Abyss
 28381 | Vaults:2 | Reached skill level 15 in Axes
 28700 | Vaults:2 | Got an uncursed bloodstained arbalest {penet}
 28706 | Vaults:2 | Identified the +4 arbalest "Haxeasi" {penet, rElec rPois SInv} (You took it off an orc knight on level 2 of the Vaults)
 28742 | Vaults:2 | Reached skill level 10 in Dodging
 29030 | Vaults:2 | Found a portal to a secret trove of treasure.
 29617 | Vaults:3 | Reached XP level 19. HP: 149/149 MP: 18/31
 30249 | Vaults:3 | Found Sent's Book Emporium.
 30290 | Vaults:3 | Reached skill level 15 in Shields
 30706 | Vaults:3 | Found a staircase to the Crypt.
 30706 | Vaults:3 | Found a basalt altar of Yredelemnul.
 30707 | Vaults:3 | Found an ancient bone altar of Kikubaaqudgha.
 32335 | Depths:1 | Entered Level 1 of the Depths
 32387 | Depths:1 | Found a one-way gate leading to the halls of Pandemonium.
 32506 | Depths:1 | Found a gateway to Hell.
 32860 | Depths:1 | Found a radiant altar of Vehumet.
 32939 | Depths:1 | Reached XP level 20. HP: 156/156 MP: 28/32
 32969 | Depths:1 | Found a gateway to a ziggurat.
 33708 | Depths:2 | Found a magical portal.
 33717 | WizLab   | Entered Doroklohe's Tomb
 33886 | WizLab   | Found the +1 cloak of Starlight {rElec rC+ EV+4 Stlth--}
 34311 | WizLab   | Got a heavily runed ring mail
 34322 | WizLab   | Identified the +3 ring mail "Githrude" {rPois} (You found it in a wizard's laboratory)
 35268 | Depths:2 | Found a one-way gate to the infinite horrors of the Abyss.
 35433 | Depths:2 | Gained mutation: Your magical capacity is low. (-10% MP) [a cacodemon]
 35663 | Depths:2 | Found the +2 Maxwell's thermic engine {flame, freeze, rF- rC-}
 35666 | Depths:2 | Noticed a juggernaut
 35709 | Depths:2 | Killed a juggernaut
 35776 | Depths:2 | Found the +7 Spriggan's Knife {MR+ EV+4 Dex+4 Stlth+}
 36158 | Depths:3 | Noticed Mennas
 36195 | Depths:3 | Killed Mennas
 36199 | Depths:3 | Noticed a caustic shrike
 36206 | Depths:3 | HP: 4/156 [ice dragon/blast of cold (9)]
 36435 | Depths:2 | Reached XP level 21. HP: 148/162 MP: 29/29
 36481 | Depths:2 | Killed a caustic shrike
 36590 | Depths:3 | Noticed a golden dragon
 36622 | Depths:2 | Killed a golden dragon
 37422 | Depths:3 | Noticed a caustic shrike
 37429 | Depths:3 | Killed a caustic shrike
 37545 | Depths:3 | Noticed a golden dragon
 37557 | Depths:3 | Killed a golden dragon
 37578 | Depths:3 | Noticed a golden dragon
 37597 | Depths:3 | Killed a golden dragon
 37771 | Depths:3 | Identified the Disquisition on the Floating Oath
 38069 | Depths:4 | Reached skill level 15 in Dodging
 38196 | Depths:4 | Reached XP level 22. HP: 169/169 MP: 30/30
 38361 | Depths:4 | Noticed a caustic shrike
 38371 | Depths:4 | Killed a caustic shrike
 38774 | Depths:5 | Entered Level 5 of the Depths
 38777 | Depths:5 | Noticed Margery
 38796 | Depths:5 | Killed Margery
 38929 | Depths:5 | Noticed a golden dragon
 38933 | Depths:5 | Killed a golden dragon
 39220 | Depths:5 | Found a gate to the Realm of Zot.
 40204 | Spider:1 | Entered Level 1 of the Spider Nest
 40204 | Spider:1 | Noticed Nikola
 40215 | Spider:1 | Killed Nikola
 40223 | Spider:1 | Reached XP level 23. HP: 175/175 MP: 2/31
 40642 | Spider:1 | Noticed Roxanne
 40690 | Spider:1 | Killed Roxanne
 40966 | Vaults:2 | You paid a toll of 2 scrolls of acquirement to enter a treasure trove
 40967 | Trove    | Entered a treasure trove
 41003 | Trove    | Got a pair of steaming boots
 41084 | Trove    | Identified the -1 pair of boots of Idealism {rN+ Str-4 Dex+4} (You found it in a treasure trove)
 41094 | Trove    | Identified a +2 pair of boots of running (You found it in a treasure trove)
 41119 | Trove    | Got a bloodstained shield
 41141 | Trove    | Identified the +5 shield "Xaadicw" {Regen+ SInv} (You found it in a treasure trove)
 41416 | Lair:1   | Gained mutation: Your magical and physical power is enhanced at high health. [demonic ancestry]
 41416 | Lair:1   | Reached XP level 24. HP: 182/182 MP: 31/31
 41477 | Spider:1 | Noticed Donald
 41487 | Spider:1 | Killed Donald
 42420 | Spider:3 | Noticed Bai Suzhen
 42428 | Spider:3 | Noticed Jorgrun
 42430 | Spider:3 | Killed Bai Suzhen
 42442 | Spider:3 | Killed Jorgrun
 42668 | Spider:3 | Noticed Arachne
 42678 | Spider:3 | Killed Arachne
 43139 | Spider:4 | Entered Level 4 of the Spider Nest
 43598 | Spider:4 | Got a gossamer rune of Zot
 44170 | Elf:1    | Entered Level 1 of the Elven Halls
 44915 | Elf:1    | Found Josuofoz's Antique Weapon Shoppe.
 44996 | Elf:1    | Identified the Tome of Bodily Humours
 45194 | Elf:2    | Found a runed gate.
 45198 | Elf:2    | Found a runed gate.
 45198 | Elf:2    | Found a runed gate.
 45375 | Elf:2    | Reached XP level 25. HP: 188/188 MP: 31/31
 45584 | Elf:3    | Entered Level 3 of the Elven Halls
 45644 | Elf:3    | Found Leceg's Antique Armour Shop.
 45670 | Elf:3    | Bought a pair of scorched boots for 247 gold pieces
 45680 | Elf:3    | Identified the +0 pair of boots "Jodiq" {+Fly rF- MR+++ Regen+} (You bought it in a shop on level 3 of the Elven Halls)
 45869 | Elf:3    | Found Sarphe's Antique Weapon Boutique.
 45874 | Elf:3    | Bought a glowing broad axe for 273 gold pieces
 46357 | Elf:3    | Identified Zurghiug's Incunabulum of Ice
 46402 | Elf:3    | Identified the Incunabulum of Lucky Execration
 46418 | Elf:3    | Identified the ring of Monotheism {rPois rC+ Dex+3 Stlth+} (You acquired it on level 3 of the Elven Halls)
 46509 | Elf:3    | Identified the ring "Yheab" {*Tele MR- Dex+4} (You found it on level 3 of the Elven Halls)
 46860 | Lair:1   | Lost mutation: You possess an exceptional clarity of mind. [potion of mutation]
 46860 | Lair:1   | Lost mutation: Your magical capacity is low. (-10% MP) [potion of mutation]
 46860 | Lair:1   | Gained mutation: You possess an exceptional clarity of mind. [potion of mutation]
 46860 | Lair:1   | Gained mutation: Your muscles are strong. (Str +2) [potion of mutation]
 46860 | Lair:1   | Gained mutation: You are robust. (+10% HP) [potion of mutation]
 47117 | Crypt:1  | Entered Level 1 of the Crypt
 48130 | Crypt:3  | Entered Level 3 of the Crypt
 48420 | Crypt:3  | Found a basalt altar of Yredelemnul.
 48421 | Crypt:3  | Noticed an ancient lich
 48435 | Crypt:3  | Killed an ancient lich
 48449 | Crypt:3  | Found the +10 zealot's sword {holy, *Rage rN+ EV+3}
 48455 | Crypt:3  | Got a coiled platinum amulet
 48455 | Crypt:3  | Got a smoking marble ring
 48455 | Crypt:3  | Got a sparkling bone ring
 48456 | Crypt:3  | Identified the amulet "Hidusukh" {Regen+ Dex+3} (You found it on level 3 of the Crypt)
 48457 | Crypt:3  | Identified the ring of False Pretenses {+Inv rN+ MR- Str+5} (You found it on level 3 of the Crypt)
 48458 | Crypt:3  | Identified the ring "Bunoicasa" {rN+ Int+7 Dex+3 Stlth+} (You found it on level 3 of the Crypt)
 48655 | Crypt:3  | Reached XP level 26. HP: 214/214 MP: 35/35
 48863 | Crypt:3  | Found a staircase to the Tomb.
 49295 | Slime:1  | Entered Level 1 of the Pits of Slime
 49307 | Slime:2  | Noticed Dissolution
 49315 | Slime:2  | Killed Dissolution
 49355 | Slime:2  | Found a viscous altar of Jiyva.
 49458 | Slime:5  | Entered Level 5 of the Pits of Slime
 49496 | Slime:5  | Found the +8 demon blade "Bloodbane" {slice, *Rage +Rage Stlth-}
 49497 | Slime:5  | Found a viscous altar of Jiyva.
 49498 | Slime:5  | Noticed the Royal Jelly
 49536 | Slime:5  | Killed the Royal Jelly
 49602 | Slime:5  | Identified the +2 cloak of Ru's Hope {rF+ Int+3} (You found it on level 5 of the Pits of Slime)
 49619 | Slime:5  | Identified Ebetumim's Incunabulum of Dusty Contamination
 49622 | Slime:5  | Got a slimy rune of Zot
 49637 | Slime:5  | Identified the +3 scale mail "Zin Oqit" {rC+ Str+2 Stlth-} (You found it on level 5 of the Pits of Slime)
 49640 | Slime:5  | Got a bound brass ring
 49641 | Slime:5  | Identified the ring "Teamuz" {*Drain rElec MP+9 Int+5} (You found it on level 5 of the Pits of Slime)
 49651 | Slime:5  | Got a fine steel ring
 49652 | Slime:5  | Identified the ring "Buruuz" {rN+ EV+5 SInv Stlth+} (You found it on level 5 of the Pits of Slime)
 49658 | Slime:5  | Identified Sif Muna's Collected Works on Toxic Malediction
 50139 | Vaults:5 | Entered Level 5 of the Vaults
 50180 | Vaults:5 | Noticed Nr616's ghost (adept MiBe)
 50216 | Vaults:5 | Killed Nr616's ghost
 50420 | Vaults:5 | Cast into level 3 of the Abyss (a deep elf demonologist)
 50420 | Abyss:3  | Found a transporter.
 50482 | Abyss:3  | Paralysed by accursed screaming for 1 turns
 50484 | Abyss:3  | Found a transporter.
 50486 | Abyss:3  | Got an abyssal rune of Zot
 50501 | Abyss:3  | Found a transporter.
 50511 | Abyss:3  | Found a transporter.
 50526 | Abyss:3  | Found a corrupted altar of Lugonu.
 50545 | Vaults:5 | Escaped the Abyss
 50682 | Vaults:5 | Gained mutation: Your magical and physical power is greatly enhanced at high health. [demonic ancestry]
 50682 | Vaults:5 | Reached XP level 27. HP: 221/221 MP: 35/35
 50889 | Vaults:5 | Got a slimy tin ring
 50895 | Vaults:5 | Got a coiled glass ring
 50896 | Vaults:5 | Identified the ring of Duvvuu {rPois Dex+5} (You found it on level 5 of the Vaults)
 50897 | Vaults:5 | Identified the ring "Iranuovu" {+Fly Int+3} (You found it on level 5 of the Vaults)
 50961 | Vaults:5 | Noticed an ancient lich
 50968 | Vaults:5 | Killed an ancient lich
 50970 | Vaults:5 | Found the +7 Kryia's mail coat {PotionHeal*2 rC+}
 51034 | Vaults:5 | Got a silver rune of Zot
 51811 | Temple   | Entered the Ecumenical Temple
 52110 | Hell     | Entered the Vestibule of Hell
 52110 | Hell     | Noticed Geryon
 52137 | Hell     | Killed Geryon
 52196 | Hell     | Found a gateway to the Iron City of Dis.
 52210 | Dis:1    | Entered Level 1 of the Iron City of Dis
 52623 | Dis:3    | Reached skill level 15 in Armour
 52871 | Dis:7    | Entered Level 7 of the Iron City of Dis
 52966 | Dis:7    | Reached skill level 15 in Fighting
 52985 | Dis:7    | Noticed Dispater
 53017 | Dis:7    | Killed Dispater
 53318 | Dis:7    | Got a wavering wooden ring
 53320 | Dis:7    | Found the +7 Singing Sword
 53369 | Dis:7    | Got an iron rune of Zot
 53695 | Hell     | Found a gateway to the freezing wastes of Cocytus.
 53713 | Coc:1    | Entered Level 1 of Cocytus
 54355 | Coc:7    | Entered Level 7 of Cocytus
 54617 | Coc:7    | Found the +3 giant club "Skullcrusher" {speed, Str+7}
 54912 | Coc:7    | Noticed Antaeus
 54935 | Coc:7    | Killed Antaeus
 54957 | Coc:7    | Got an icy rune of Zot
 55111 | Hell     | Found a gateway to the decaying netherworld of Tartarus.
 55118 | Tar:1    | Entered Level 1 of Tartarus
 56270 | Tar:7    | Entered Level 7 of Tartarus
 56765 | Tar:7    | Found the +8 lance "Wyrmbane" {slay drac, rPois rF+ rC+ AC+3}
 56798 | Tar:7    | Identified the ring "Qoawazxu" {+Fly Str-5 Slay+3 SInv} (You took it off an iron imp on level 7 of the Iron City of Dis)
 56816 | Tar:7    | Identified Georosim's Incunabulum of Heat
 56850 | Tar:7    | Got a brightly glowing ivory amulet
 56857 | Tar:7    | Got a bound garnet amulet
 57043 | Tar:7    | Gained mutation: You are clumsy. (Dex -2) [mutagenic glow]
 57083 | Tar:7    | Lost mutation: You are robust. (+10% HP) [mutagenic glow]
 57208 | Tar:7    | Noticed Ereshkigal
 57217 | Tar:7    | Paralysed by Ereshkigal for 6 turns
 57258 | Tar:7    | Killed Ereshkigal
 57321 | Tar:7    | Got a bone rune of Zot
 57490 | Hell     | Found a gateway to the ashen valley of Gehenna.
 57500 | Geh:1    | Entered Level 1 of Gehenna
 57556 | Geh:2    | You fall through a shaft for 2 floors!
 57711 | Geh:7    | Entered Level 7 of Gehenna
 58039 | Geh:7    | Noticed the Serpent of Hell
 58065 | Geh:7    | Killed the Serpent of Hell
 58232 | Geh:7    | Noticed Asmodeus
 58254 | Geh:7    | Killed Asmodeus
 58265 | Geh:7    | Got an obsidian rune of Zot
 58681 | Pan      | Entered Pandemonium
 58801 | Pan      | Noticed Maleddy the pandemonium lord
 58820 | Pan      | Killed Maleddy the pandemonium lord
 59521 | Pan      | Noticed Riejine the pandemonium lord
 59521 | Pan      | Noticed Riejine the pandemonium lord
 59541 | Pan      | Found an exit through the horrors of the Abyss.
 59722 | Pan      | Identified the amulet "Oledub" {Harm *Drain +Inv rC+ Dex+4 Slay+3} (You found it on level 7 of Tartarus)
 60170 | Pan      | Entered the realm of Cerebov.
 60508 | Pan      | Got a steaming steel ring
 60717 | Pan      | Noticed Cerebov
 60762 | Pan      | Killed Cerebov
 60783 | Pan      | Identified the ring of Keotavo {+Blink MP+9} (You found it in Pandemonium)
 60784 | Pan      | Identified the amulet "Dam Wora" {Faith Str+8} (You found it on level 7 of Tartarus)
 60846 | Pan      | Got a fiery rune of Zot
 60871 | Pan      | Identified the Compendium of Creative Heat
 61011 | Pan      | Entered the realm of Lom Lobon.
 61261 | Pan      | Noticed Lom Lobon
 61360 | Pan      | Killed Lom Lobon
 61400 | Pan      | Got a magical rune of Zot
 61745 | Pan      | Entered the realm of Gloorx Vloq.
 61904 | Pan      | Noticed Gloorx Vloq
 61941 | Pan      | Killed Gloorx Vloq
 62184 | Pan      | Got a dark rune of Zot
 62371 | Pan      | Entered the realm of Mnoleg.
 62452 | Pan      | Noticed Mnoleg
 62455 | Pan      | Paralysed by a floating eye for 2 turns
 62470 | Pan      | Killed Mnoleg
 62521 | Pan      | Got a glowing rune of Zot
 62688 | Pan      | Reached skill level 27 in Fighting
 62690 | Pan      | Noticed Xysto the pandemonium lord
 62699 | Pan      | Killed Xysto the pandemonium lord
 62831 | Pan      | Noticed Mofiac the pandemonium lord
 62852 | Pan      | Killed Mofiac the pandemonium lord
 62909 | Pan      | Found an exit through the horrors of the Abyss.
 62934 | Pan      | Noticed Harimaj the pandemonium lord
 62950 | Pan      | Killed Harimaj the pandemonium lord
 63234 | Pan      | Found a glowing golden altar of the Shining One.
 63238 | Pan      | Noticed a seraph
 63260 | Pan      | Killed a seraph
 63276 | Pan      | Got a demonic rune of Zot
 63278 | Pan      | Identified the ring of the Shrike {rF+ Str-5 Dex+2 Stlth+} (You found it in Pandemonium)
 63282 | Pan      | Identified the Handbook of the Earthen Oath
 63417 | Depths:1 | Escaped Pandemonium
 63710 | Tomb:1   | Entered Level 1 of the Tomb of the Ancients
 63986 | Tomb:1   | Noticed a greater mummy
 63994 | Tomb:1   | Killed a greater mummy
 64049 | Tomb:2   | Noticed a greater mummy
 64055 | Tomb:2   | Noticed a greater mummy
 64060 | Tomb:2   | Noticed a greater mummy
 64061 | Tomb:2   | Noticed a greater mummy
 64070 | Tomb:2   | Killed a greater mummy
 64426 | Tomb:2   | Killed a greater mummy
 64431 | Tomb:2   | Killed a greater mummy
 64434 | Tomb:2   | Killed a greater mummy
 64670 | Tomb:1   | Noticed a greater mummy
 64670 | Tomb:1   | Noticed a greater mummy
 64670 | Tomb:1   | Noticed a greater mummy
 64681 | Tomb:1   | Killed a greater mummy
 64690 | Tomb:1   | Killed a greater mummy
 64698 | Tomb:1   | Killed a greater mummy
 64837 | Tomb:1   | Noticed a greater mummy
 64841 | Tomb:1   | Killed a greater mummy
 64871 | Tomb:1   | Noticed a greater mummy
 64897 | Tomb:1   | Killed a greater mummy
 64906 | Tomb:1   | Noticed a greater mummy
 64917 | Tomb:1   | Killed a greater mummy
 65065 | Tomb:1   | Noticed a greater mummy
 65075 | Tomb:1   | Killed a greater mummy
 65104 | Tomb:1   | Noticed a greater mummy
 65117 | Tomb:1   | Killed a greater mummy
 65241 | Tomb:1   | Noticed a greater mummy
 65250 | Tomb:1   | Noticed a greater mummy
 65258 | Tomb:1   | Noticed a greater mummy
 65259 | Tomb:1   | Killed a greater mummy
 65269 | Tomb:1   | Killed a greater mummy
 65271 | Tomb:1   | Killed a greater mummy
 65524 | Tomb:3   | Entered Level 3 of the Tomb of the Ancients
 65556 | Tomb:3   | Noticed a greater mummy
 65559 | Tomb:3   | Noticed a greater mummy
 65562 | Tomb:3   | Noticed a greater mummy
 65562 | Tomb:3   | Noticed Khufu
 65585 | Tomb:3   | Killed a greater mummy
 65592 | Tomb:3   | Noticed an ancient lich
 65595 | Tomb:3   | Noticed Jory
 65605 | Tomb:3   | Gained mutation: You are occasionally teleported next to monsters. [a cacodemon]
 65607 | Tomb:3   | Killed an ancient lich
 65611 | Tomb:3   | Killed Jory
 65618 | Tomb:3   | Reached skill level 27 in Armour
 65640 | Tomb:3   | Noticed a greater mummy
 65641 | Tomb:3   | Noticed a greater mummy
 65641 | Tomb:3   | Noticed a greater mummy
 65644 | Tomb:3   | Noticed a greater mummy
 65654 | Tomb:3   | Killed a greater mummy
 66802 | Tomb:3   | Killed a greater mummy
 66808 | Tomb:3   | Killed a greater mummy
 66810 | Tomb:3   | Killed Khufu
 66816 | Tomb:3   | Killed a greater mummy
 66840 | Tomb:3   | HP: 8/244 [poison (dark miasma)]
 66939 | Tomb:3   | Killed a greater mummy
 66948 | Tomb:3   | Killed a greater mummy
 67043 | Tomb:3   | Got a golden rune of Zot
 67553 | Zot:1    | Entered Level 1 of the Realm of Zot
 67894 | Zot:5    | Entered Level 5 of the Realm of Zot
 67958 | Zot:5    | Noticed an ancient lich
 67962 | Zot:5    | Noticed an orb of fire
 67982 | Zot:5    | Killed an orb of fire
 67988 | Zot:5    | Killed an ancient lich
 67988 | Zot:5    | Reached skill level 27 in Axes
 68059 | Zot:5    | Noticed an ancient lich
 68061 | Zot:5    | Noticed an orb of fire
 68061 | Zot:5    | Noticed an orb of fire
 68069 | Zot:5    | Gained mutation: You occasionally shout uncontrollably at your foes. [an orb of fire]
 68072 | Zot:5    | Gained mutation: Your spells are a little easier to cast, but a little less powerful. [an orb of fire]
 68073 | Zot:5    | Gained mutation: You are very clumsy. (Dex -4) [an orb of fire]
 68078 | Zot:5    | Killed an orb of fire
 68091 | Zot:5    | Killed an ancient lich
 68094 | Zot:5    | Killed an orb of fire
 68125 | Zot:5    | Noticed an orb of fire
 68129 | Zot:5    | Gained mutation: Scrolls take you a little longer to read. [an orb of fire]
 68135 | Zot:5    | Gained mutation: Potions are less effective at restoring your health. [an orb of fire]
 68147 | Zot:5    | Killed an orb of fire
 68153 | Zot:5    | Noticed an orb of fire
 68157 | Zot:5    | Gained mutation: Scrolls take you longer to read. [an orb of fire]
 68164 | Zot:5    | Gained mutation: You expend magic power (3 MP) to strengthen your wands. [an orb of fire]
 68166 | Zot:5    | Killed an orb of fire
 68222 | Zot:5    | Got the Orb of Zot
 68228 | Zot:5    | Noticed Qaumparu the pandemonium lord
 68233 | Zot:5    | Noticed Ruis the pandemonium lord
 68256 | Zot:5    | Killed Qaumparu the pandemonium lord
 68259 | Zot:5    | Killed Ruis the pandemonium lord
 68320 | Zot:3    | Noticed Vuoric the pandemonium lord
 68499 | Depths:2 | Noticed Iredefol the pandemonium lord
 68576 | D:14     | Gained mutation: You are frail. (-10% HP) [a neqoxec]
 68653 | D:12     | Noticed Zota the pandemonium lord
 68653 | D:12     | Noticed an ancient lich
 68908 | D:$      | Escaped with the Orb!

Skill      XL: |  1  2  3  4  5  6  7  8  9 10 11 12 13 14 15 16 17 18 19 20 21 22 23 24 25 26 27 |
---------------+----------------------------------------------------------------------------------+-----
Axes           | 3 4 5 6 8 10 11 12 13 14 15 16 17 18 19 20 21 22 27 | 27.0
Fighting       | 3 4 5 6 8 11 12 13 27 | 27.0
Invocations    | 2 6 10 12 15 16 | 16.6
Armour         | 1 4 7 9 11 12 13 14 27 | 27.0
Shields        | 2 7 12 13 14 15 16 17 18 19 20 21 23 | 23.5
Dodging        | 4 8 10 12 13 15 16 17 18 20 21 | 21.9
Throwing       | |  1.7

Action                   |  1- 3 |  4- 6 |  7- 9 | 10-12 | 13-15 | 16-18 | 19-21 | 22-24 | 25-27 || total
-------------------------+-------+-------+-------+-------+-------+-------+-------+-------+-------++-------
Melee: War axe           |    84 |   119 |   210 |     9 |   712 |  1181 |  1204 |   795 |  2762 ||  7076
       Flail             |       |       |    29 |       |       |       |       |       |       ||    29
       Headbutt          |       |       |    24 |   101 |   265 |   466 |   491 |   360 |  2015 ||  3722
       Falchion          |       |       |       |   231 |       |       |       |       |       ||   231
       Executioner's axe |       |       |       |   157 |   150 |       |       |       |       ||   307
       Kick              |       |       |       |    34 |   409 |    15 |       |       |     4 ||   462
       Broad axe         |       |       |       |    24 |       |       |       |   114 |  2561 ||  2699
Invok: Lesser Servant of |       |       |    11 |       |       |       |       |       |     3 ||    14
       Greater Servant o |       |       |       |     2 |     3 |    15 |     3 |       |    43 ||    66
Evoke: Wand              |       |       |     6 |     1 |     8 |     7 |     7 |     3 |    16 ||    48
       Sack of spiders   |       |       |       |       |       |     1 |       |       |       ||     1
  Use: Potion            |       |     2 |     1 |     6 |     2 |       |     4 |     3 |    68 ||    86
       Scroll            |       |     2 |     6 |    29 |    11 |     9 |    11 |    15 |    56 ||   139
 Stab: Sleeping          |     1 |     3 |       |       |       |       |       |       |       ||     4
       Distracted        |       |       |     2 |       |     2 |     5 |     2 |     1 |    29 ||    41
       Invisible         |       |       |       |       |       |       |       |       |    51 ||    51
  Eat: Chunk             |       |     7 |    10 |    15 |    28 |    28 |    26 |    15 |    14 ||   143
       Ration            |       |       |       |     2 |       |     1 |     1 |     2 |    20 ||    26
Armor: Leather armour    |    27 |    43 |    92 |       |       |       |       |       |       ||   162
       Scale mail        |       |       |       |   303 |    56 |       |       |       |       ||   359
       Crystal plate arm |       |       |       |       |   904 |   323 |   236 |       |       ||  1463
       Swamp dragon scal |       |       |       |       |     9 |   267 |       |       |       ||   276
       Ice dragon scales |       |       |       |       |       |       |    50 |       |       ||    50
       Gold dragon scale |       |       |       |       |       |       |    59 |   244 |  1414 ||  1717
Dodge: Dodged            |    75 |    81 |   169 |   294 |   307 |   462 |   452 |   402 |  2857 ||  5099
Block: Buckler           |       |       |       |       |    62 |       |       |       |       ||    62
       Shield            |       |       |       |       |   301 |   864 |   892 |   531 |  6279 ||  8867
       Large shield      |       |       |       |       |       |    89 |   270 |   608 |       ||   967
       Reflection        |       |       |       |       |       |    12 |    85 |    40 |   129 ||   266
       Rpst.: Falchion   |       |       |       |    42 |       |       |       |       |       ||    42
